cohdb
Replays
Latest Replays
All Replays
Popular Replays
Top Player Replays
Match Explorer
How It Works
Community
CoH3 Stats
Reddit
Sign in to upload your games and track your stats! →
Sign in with Steam
Match 31448662
Unlisted
Match 31448662
Overview
Messages
Build Orders
End
Kradschützen Motorcycle Team
Panzergrenadier Squad
Panzergrenadier Squad
Construct Light Support Kompanie
MG34 Team
MG34 Team
Construct Mechanized Kompanie
Panzerjäger Squad
Selects Armored Support Battlegroup
Selects Superior Fire Drills
Marder III Tank Destroyer
2.5-tonne Medical Truck
Vehicle Survival Package
8 Rad Armored Car
Tungsten Core Ammunition
Phobiaꟼ
RomanGeneralVI
Beerus
Tango
Turtleboy
GoonLord
0
0
Comments
sign in to comment!
No comments posted yet!